[Event "Titled Tuesday Blitz July 25 Late 2023"]
[White "Sjugirov, Sanan"]
[Black "Sarana, Alexey"]
[WhiteFideId "4189302"]
[BlackFideId "24133795"]
[WhiteElo "2944"]
[BlackElo "3040"]
[Result "1-0"]
[Round "7"]
[TimeControl "180+2"]
[Date "2023.07.25"]
[WhiteClock "0:00:04"]
[BlackClock "0:00:02"]
[Board "9"]

1. e4 e5 2. Nf3 Nc6 3. Bb5 Nf6 4. d3 d6 5. O-O Be7 6. h3 O-O 7. c4 Nd7 8. Nc3 Nc5 9. Bxc6 bxc6 10. d4 exd4 11. Nxd4 Bd7 12. Be3 Bf6 13. Qc2 Re8 14. Rfe1 Rb8 15. Rad1 Qc8 16. b3 a5 17. Nde2 Ne6 18. f4 Nf8 19. Bd4 Bh4 20. Rf1 f5 21. e5 Ng6 22. Qd2 Be7 23. Ng3 Bf8 24. Nh5 c5 25. Bxc5 Bc6 26. exd6 Rd8 27. Nb5 Bxb5 28. cxb5 cxd6 29. Qd5+ Kh8 30. Bd4 Qd7 31. a4 Re8 32. Rfe1 Rbc8 33. b6 Rc2 34. b7 Rb8 35. Rc1 Rxc1 36. Rxc1 Rxb7 37. Qxa5 Rxb3 38. Rc7 Qe8 39. Nxg7 Bxg7 40. Bxg7+ Kg8 41. Qd5+ 1-0


[Site "https://www.chess.com"]

[Event "Titled Tuesday Blitz July 25 Late 2023"]
[White "Maksimovic, Bojan"]
[Black "Grischuk, Alexander"]
[WhiteFideId "14408120"]
[BlackFideId "4126025"]
[WhiteElo "2905"]
[BlackElo "3029"]
[Result "0-1"]
[Round "7"]
[TimeControl "180+2"]
[Date "2023.07.25"]
[WhiteClock "0:00:02"]
[BlackClock "0:00:04"]
[Board "10"]

1. Nf3 Nf6 2. g3 c5 3. Bg2 Nc6 4. O-O e5 5. d3 d5 6. Nbd2 Bd6 7. e4 d4 8. Nc4 Bc7 9. a4 O-O 10. Nh4 Rb8 11. Nf5 a6 12. f4 exf4 13. Bxf4 Bxf4 14. Rxf4 b5 15. axb5 axb5 16. Nd2 Ne5 17. Qe2 Re8 18. Raf1 Rb6 19. h3 Bxf5 20. Rxf5 g6 21. R5f2 Kg7 22. g4 h6 23. Nf3 Nfd7 24. Nxe5 Nxe5 25. Qd2 Ree6 26. Bf3 Qg5 27. Qe2 Rf6 28. Bg2 c4 29. Qd2 Qxd2 30. Rxd2 cxd3 31. cxd3 Rxf1+ 32. Kxf1 Rc6 33. Ke2 Rc1 34. Kf2 Kf6 35. Bf3 Kg5 36. Bd1 Kf4 37. Be2 b4 38. Bd1 Kg5 39. Kg3 Kf6 40. h4 g5 41. hxg5+ hxg5 42. Kf2 Ke7 43. Ke2 Kd6 44. Kf2 Ng6 45. Bb3 f6 46. Bc4 Ne5 47. b3 Nxg4+ 48. Kf3 Ne5+ 49. Ke2 g4 50. Ra2 g3 51. Ra6+ Ke7 52. Ra7+ Kf8 53. Ra8+ Ke7 54. Rg8 Rc2+ 55. Kd1 Rg2 56. Ke1 Nf3+ 57. Kd1 Rd2+ 58. Kc1 g2 59. e5 Rf2 60. exf6+ Kxf6 61. Rf8+ Ke7 62. Rf7+ Ke8 63. Bd5 g1=Q# 0-1


[Site "https://www.chess.com"]

[Event "Titled Tuesday Blitz July 25 Late 2023"]
[White "Fressinet, Laurent"]
[Black "Mamedov, Rauf"]
[WhiteFideId "608742"]
[BlackFideId "13401653"]
[WhiteElo "2888"]
[BlackElo "3023"]
[Result "1-0"]
[Round "7"]
[TimeControl "180+2"]
[Date "2023.07.25"]
[WhiteClock "0:00:03"]
[BlackClock "0:00:02"]
[Board "11"]

1. d4 Nf6 2. Nf3 g6 3. Bg5 Bg7 4. Nbd2 O-O 5. c3 d6 6. e4 h6 7. Bh4 c5 8. dxc5 dxc5 9. Bc4 Nc6 10. Qe2 Nh5 11. Qe3 Qb6 12. Bb3 Na5 13. Bxe7 Re8 14. Bxc5 Qa6 15. Bc2 g5 16. Bd3 Qe6 17. g3 Nc6 18. Nd4 Qh3 19. Nxc6 bxc6 20. O-O-O Rb8 21. Bc4 Nf6 22. f3 Be6 23. Qe2 a5 24. Qf1 Qh5 25. g4 Qg6 26. h4 gxh4 27. Bxe6 Rxe6 28. Nc4 a4 29. Rd6 a3 30. Bxa3 Qg5+ 31. Kb1 Nxe4 32. fxe4 Rxe4 33. Rd7 Rf4 34. Qd3 Qxg4 35. Rd8+ Rxd8 36. Qxd8+ Kh7 37. Qd3+ f5 38. Nd6 Qg2 39. Rd1 Rf3 40. Qc2 Rf2 41. Qd3 Rf3 42. Qc4 h3 43. Ne8 h2 44. Qf7 Qg6 45. Qxg6+ Kxg6 46. Nxg7 Rg3 47. Bc5 Kxg7 48. Rh1 Rg2 49. a4 Kf7 50. a5 Ke6 51. a6 Kd5 52. a7 Kxc5 53. a8=Q Rg1+ 54. Ka2 Rxh1 55. Qa5+ Kd6 56. Qd8+ Ke6 57. Qe8+ Kd6 58. Qg6+ Kc5 59. Qxf5+ Kb6 60. Qf2+ c5 61. Kb3 h5 62. Kc4 h4 63. Qxc5+ Kb7 64. Qe7+ Kc8 65. Qe6+ Kc7 66. Qe2 h3 67. Qf2 Kd7 68. Qd2+ Kc8 69. Qf2 Kb7 70. Qf3+ Kc7 71. Qxh1 Kd6 72. Qxh2+ 1-0


[Site "https://www.chess.com"]

[Event "Titled Tuesday Blitz July 25 Late 2023"]
[White "Paravyan, David"]
[Black "Zhigalko, Sergei"]
[WhiteFideId "4194985"]
[BlackFideId "13502956"]
[WhiteElo "3015"]
[BlackElo "2878"]
[Result "0-1"]
[Round "7"]
[TimeControl "180+2"]
[Date "2023.07.25"]
[WhiteClock "0:00:15"]
[BlackClock "0:00:04"]
[Board "12"]

1. e4 c5 2. Nf3 Nc6 3. Bb5 Qc7 4. c3 a6 5. Bxc6 dxc6 6. O-O Bg4 7. h3 Bh5 8. d4 Rd8 9. Be3 e5 10. g4 cxd4 11. cxd4 exd4 12. Bg5 f6 13. gxh5 fxg5 14. Nxg5 Qe7 15. f4 Nf6 16. Nd2 h6 17. Ngf3 Nxh5 18. Ne5 Nxf4 19. Rxf4 Qxe5 20. Qf3 Bd6 21. Rf1 Qg5+ 22. Rg4 Qe3+ 23. Kg2 Rf8 24. Qxe3 dxe3 25. Nc4 Bc5 26. Rxg7 b5 27. b4 Bd4 28. Rxf8+ Kxf8 29. Rc7 bxc4 30. Rxc6 e2 0-1


[Site "https://www.chess.com"]

[Event "Titled Tuesday Blitz July 25 Late 2023"]
[White "Kevlishvili, Robby"]
[Black "Erdogmus, Yagiz Kaan"]
[WhiteFideId "1040634"]
[BlackFideId "44599790"]
[WhiteElo "3007"]
[BlackElo "2859"]
[Result "1-0"]
[Round "7"]
[TimeControl "180+2"]
[Date "2023.07.25"]
[WhiteClock "0:00:45"]
[BlackClock "0:00:01"]
[Board "13"]

1. Nf3 c5 2. g3 Nc6 3. Bg2 g6 4. c4 Bg7 5. O-O e6 6. Nc3 Nge7 7. d3 O-O 8. Qd2 d5 9. b3 b6 10. Bb2 Bb7 11. Rad1 d4 12. Ne4 f5 13. Neg5 Qd7 14. e3 h6 15. Nh3 g5 16. Ne1 e5 17. Kh1 e4 18. Ng1 Qe6 19. Nc2 exd3 20. Qxd3 Ne5 21. Qd2 Bxg2+ 22. Kxg2 Qc6+ 23. f3 dxe3 24. Nxe3 N7g6 25. Qd5+ Qxd5 26. Nxd5 Rad8 27. Rfe1 Rfe8 28. Nh3 Kf7 29. f4 gxf4 30. Nhxf4 Nxf4+ 31. Nxf4 Nxc4 32. Rxd8 Rxe1 33. Bxg7 Kxg7 34. bxc4 Ra1 35. Rd7+ Kf6 36. Rxa7 Ke5 37. Ra6 Kd4 38. Rxb6 Rxa2+ 39. Kh3 Kxc4 40. Rxh6 Kd4 41. Ne6+ Kd5 42. Nxc5 Kxc5 43. Rh5 Rf2 44. g4 Kd4 45. Rxf5 Ra2 46. Kg3 Ke4 47. Rf4+ Ke5 48. h4 Ra3+ 49. Rf3 Ra8 50. h5 Ra1 51. Kh4 Ke4 52. Rf8 1-0


[Site "https://www.chess.com"]

[Event "Titled Tuesday Blitz July 25 Late 2023"]
[White "Donchenko, Alexander"]
[Black "Martinez Alcantara, Jose Eduardo"]
[WhiteFideId "24603295"]
[BlackFideId "3805662"]
[WhiteElo "2828"]
[BlackElo "3002"]
[Result "0-1"]
[Round "7"]
[TimeControl "180+2"]
[Date "2023.07.25"]
[WhiteClock "0:00:01"]
[BlackClock "0:00:16"]
[Board "14"]

1. Nf3 c5 2. c4 Nf6 3. Nc3 e6 4. g3 b6 5. Bg2 Bb7 6. O-O Be7 7. Re1 O-O 8. e4 d6 9. d4 cxd4 10. Nxd4 Qc8 11. Be3 a6 12. Rc1 Nbd7 13. h3 Qc7 14. Nd5 exd5 15. cxd5 Qd8 16. Nc6 Bxc6 17. dxc6 Nc5 18. b4 Ne6 19. c7 Nxc7 20. e5 dxe5 21. Qxd8 Raxd8 22. Rxc7 Bxb4 23. Rb1 a5 24. Bxb6 Rd2 25. a3 Bxa3 26. Bxa5 Rb2 27. Re1 Bd6 28. Rc6 Bb8 29. Bc3 Rb5 30. Bf1 Rb7 31. Bxe5 Bxe5 32. Rxe5 Rfb8 33. Bc4 Kf8 34. Rec5 Ne8 35. Rc8 Rxc8 36. Rxc8 Ke7 37. Bd5 Ra7 38. Ra8 Rc7 39. Rb8 Nd6 40. Kg2 g6 41. Bf3 h5 42. h4 Kf6 43. Rb6 Rd7 44. Rc6 Kg7 45. Rb6 Nc4 46. Rb7 Rd6 47. Rc7 Ne5 48. Be4 Rf6 49. Bd5 Ng4 50. Rc2 Rd6 51. Bf3 Ne5 52. Be4 Rd4 53. Re2 Ng4 54. Bf3 Nh6 55. Re5 Rd2 56. Re2 Rd7 57. Rb2 Nf5 58. Rc2 Ra7 59. Rb2 Nd4 60. Be4 Re7 61. Bd5 Re5 62. Bf3 Rc5 63. Be4 Rc4 64. Bd5 Rc5 65. Be4 Nb5 66. Bd3 Nd6 67. Be2 Nf5 68. Bf3 Re5 69. Rd2 Kf6 70. Bc6 Rc5 71. Bf3 Ra5 72. Be4 Ng7 73. Rb2 Ne6 74. Bf3 Nd4 75. Be4 Ke5 76. Bf3 f5 77. Rb6 Ra3 78. Bb7 f4 79. gxf4+ Kxf4 80. Rxg6 Nf5 81. Rf6 Ke5 82. Rf8 Nxh4+ 83. Kh2 Ng6 84. Rg8 Nf4 85. Re8+ Kf6 86. Rf8+ Kg5 87. Bc8 Ra5 88. Rg8+ Kh4 89. Rf8 Nd3 90. Rf3 Ne5 91. Rf4+ Kg5 92. Rf5+ Kg6 93. Kg2 Rc5 94. Be6 Kh6 95. Bc8 Kg7 96. Be6 Kg6 97. Bc8 h4 98. Be6 Kh6 99. Bc8 Kg7 100. Be6 Kg6 101. Bc8 h3+ 102. Kxh3 Rc3+ 103. Kg2 Nf7 104. Be6 Ng5 105. Re5 Kf6 106. Rf5+ Kg6 107. Re5 Rc1 108. Bg4 Kf6 109. Rf5+ Kg6 110. Re5 Rc4 111. f3 Kf6 112. Rf5+ Kg6 113. Kg3 Nh7 114. Rd5 Nf6 115. Rd6 Rc3 116. Re6 Kf7 117. Re5 Ra3 118. Rf5 Kg6 119. Re5 Rc3 120. Re6 Kg5 121. Re5+ Kh6 122. Re6 Kg7 123. Re5 Nh7 124. Rf5 Kg6 125. Re5 Ng5 126. Rf5 Ne4+ 127. Kh4 Nd6 128. Rg5+ Kf6 129. Ra5 Rc6 130. Kg3 Rb6 131. Rd5 Nf7 132. Rc5 Ne5 133. Rd5 Rb1 134. Rd4 Rg1+ 135. Kf2 Ra1 136. Rf4+ Kg6 137. Re4 Nf7 138. Kg3 Kf6 139. Rf4+ Kg7 140. Rc4 Rg1+ 141. Kf2 Rb1 142. Rc7 Kf6 143. Rc6+ Kg5 144. Rc5+ Kh6 145. Rc6+ Kg7 146. Rc7 Rb2+ 147. Kg3 Kf6 148. Rc6+ Ke7 149. f4 Nd6 150. Rc7+ Kf6 151. Bf3 Nf5+ 152. Kg4 Nd4 153. Rd7 Rb4 154. Be4 Ne6 155. Kf3 Nc5 156. Rd6+ Ke7 157. Rd5 Rb3+ 158. Bd3 Nxd3 159. Rd4 Nb4+ 160. Kg4 Ke6 161. Re4+ Kf6 162. Rd4 Ke7 163. Re4+ Kf7 164. Rd4 Nc6 165. Rd7+ Ne7 166. Rd6 Rb1 167. Ra6 Rg1+ 168. Kf3 Rb1 169. Kg4 Rb5 170. Kf3 Nd5 171. Rd6 Ke7 172. Rh6 Nf6 173. Rh8 Rb3+ 174. Kf2 Ke6 175. Rd8 Rb2+ 176. Ke3 Rb3+ 177. Rd3 Rb4 178. Rd4 Rb1 179. Kd2 Kf5 180. Kc3 Rb8 181. Kc4 Rc8+ 182. Kd3 Ng4 183. Rd5+ Kxf4 184. Rd4+ Kf3 185. Rd6 Ra8 186. Kd4 Kf4 187. Rd7 Nf6 188. Rf7 Ra6 189. Kc5 Ke5 190. Re7+ Kf5 191. Re1 Ne4+ 192. Kd5 Rd6+ 193. Kc4 Rd8 194. Rf1+ Ke5 195. Re1 Rc8+ 196. Kb5 Rc2 197. Rh1 Kd5 198. Rh5+ Kd4 199. Kb6 Rc8 200. Kb5 Nd6+ 201. Kb6 Nc4+ 202. Kb5 Ne5 203. Rh4+ Kd5 204. Kb4 Nf3 205. Rh5+ Kd4 206. Kb5 Rc1 207. Kb6 Ne5 208. Rh4+ Kd5 209. Kb5 Rc5+ 210. Kb4 Nc6+ 211. Kb3 Nd4+ 212. Kb2 Kc4 213. Kc1 Kd3+ 214. Kd1 Nf5 215. Rh3+ Ne3+ 216. Ke1 Rc2 217. Rh2 Rc1+ 218. Kf2 Ng4+ 219. Kg3 Nxh2 0-1


[Site "https://www.chess.com"]

[Event "Titled Tuesday Blitz July 25 Late 2023"]
[White "Santos Latasa, Jaime"]
[Black "Alex_Sahakyan2006"]
[WhiteFideId "2293307"]
[WhiteElo "2997"]
[BlackElo "2739"]
[Result "1-0"]
[Round "7"]
[TimeControl "180+2"]
[Date "2023.07.25"]
[WhiteClock "0:00:33"]
[BlackClock "0:00:00"]
[Board "15"]

1. Nf3 d5 2. e3 Nf6 3. c4 c6 4. Nc3 e6 5. b3 Nbd7 6. Qc2 Bd6 7. Bb2 b6 8. cxd5 exd5 9. Nd4 Nb8 10. Nf5 Bxf5 11. Qxf5 Nbd7 12. g3 Qe7 13. a3 O-O 14. Bg2 Qe5 15. Qxe5 Nxe5 16. Ke2 Rfe8 17. Rac1 Rad8 18. h3 d4 19. Ne4 Nxe4 20. Bxe4 c5 21. Bd5 Be7 22. Be4 Bf6 23. Ba1 dxe3 24. dxe3 Nd7 25. Bc6 Bxa1 26. Rxa1 Re6 27. Bb5 Nf6 28. Rhd1 Red6 29. Rxd6 Rxd6 30. Bd3 Nd5 31. Rc1 g5 32. Bc4 Ne7 33. b4 cxb4 34. axb4 Rc6 35. Kd2 Kg7 36. Rc3 a5 37. b5 Rc5 38. Kd3 Nd5 39. Rc1 Nc7 40. Rb1 Kf6 41. f4 gxf4 42. gxf4 Rh5 43. Kd4 Rxh3 44. e4 Rh5 45. e5+ Ke7 46. Rc1 Rh4 47. Ke4 f6 48. Be2 Ne6 49. exf6+ Kxf6 50. Rc6 Rxf4+ 51. Ke3 Rb4 52. Bc4 Rxc4 53. Rxc4 Nc5 54. Rxc5 1-0


[Site "https://www.chess.com"]

[Event "Titled Tuesday Blitz July 25 Late 2023"]
[White "Kollars, Dmitrij"]
[Black "Salimova, Nurgyul"]
[WhiteFideId "12909572"]
[BlackFideId "2915138"]
[WhiteElo "2991"]
[BlackElo "2708"]
[Result "1/2-1/2"]
[Round "7"]
[TimeControl "180+2"]
[Date "2023.07.25"]
[WhiteClock "0:00:16"]
[BlackClock "0:00:06"]
[Board "16"]

1. e4 c6 2. d4 d5 3. exd5 cxd5 4. Nf3 Nc6 5. c3 Nf6 6. Ne5 a6 7. Bd3 g6 8. O-O Bg7 9. Bf4 O-O 10. Nd2 Bf5 11. Bxf5 gxf5 12. Re1 e6 13. Nb3 Ne4 14. f3 Nd6 15. Nc5 Nxe5 16. Bxe5 Bxe5 17. dxe5 Nc4 18. b3 Qc7 19. Qd4 Rac8 20. Nd3 Na3 21. Rac1 Nb5 22. Qh4 Nxc3 23. Qg5+ Kh8 24. Qf6+ Kg8 25. Nf4 Qd8 26. Qh6 Kh8 27. Nh5 Rg8 28. Nf6 Rg7 29. Kh1 d4 30. Rc2 d3 31. Rd2 Qd4 32. h3 Ne2 33. Red1 Ng3+ 34. Kh2 Qxe5 35. f4 Qe3 36. Rxd3 Nf1+ 37. Kh1 Ng3+ 38. Kh2 Nf1+ 39. Kh1 Ng3+ 40. Kh2 1/2-1/2


[Site "https://www.chess.com"]

[Event "Titled Tuesday Blitz July 25 Late 2023"]
[White "Firouzja, Alireza"]
[Black "Jaracz, Pawel"]
[WhiteFideId "12573981"]
[BlackFideId "1102222"]
[WhiteElo "3095"]
[BlackElo "2710"]
[Result "0-1"]
[Round "7"]
[TimeControl "180+2"]
[Date "2023.07.25"]
[WhiteClock "0:00:04"]
[BlackClock "0:00:09"]
[Board "17"]

1. d4 Nf6 2. Bg5 Ne4 3. Bf4 e6 4. f3 Nf6 5. e4 d5 6. Nc3 Be7 7. Bd3 O-O 8. Nge2 c5 9. dxc5 Bxc5 10. exd5 exd5 11. Bg5 Nc6 12. Nxd5 Qxd5 13. Bxf6 Qe6 14. Bc3 Nb4 15. Be4 f5 16. Bd3 Rd8 17. Bxb4 Bxb4+ 18. c3 Bc5 19. Qc2 Qe3 20. Bc4+ Kh8 21. Rf1 f4 22. Rd1 Rxd1+ 23. Qxd1 Bf5 24. Qd2 Qe7 25. Qxf4 Bg6 26. Bd5 Be3 27. Qg4 Rd8 28. Be4 Qd6 29. Nd4 Bxd4 30. cxd4 Qxd4 31. Qf4 Re8 32. Rf2 Bxe4 33. Re2 Qg1+ 34. Kd2 Rd8+ 35. Kc3 Qd4+ 36. Kb3 Bd5+ 0-1


[Site "https://www.chess.com"]

[Event "Titled Tuesday Blitz July 25 Late 2023"]
[White "Ashraf, Artin"]
[Black "Kramnik, Vladimir"]
[WhiteFideId "22514805"]
[BlackFideId "4101588"]
[WhiteElo "2844"]
[BlackElo "2997"]
[Result "1/2-1/2"]
[Round "7"]
[TimeControl "180+2"]
[Date "2023.07.25"]
[WhiteClock "0:00:09"]
[BlackClock "0:00:04"]
[Board "18"]

1. g3 c5 2. Bg2 g6 3. Nf3 Bg7 4. c3 e5 5. d3 Nc6 6. O-O Nge7 7. e4 O-O 8. a3 d6 9. b4 a6 10. Nbd2 Be6 11. Qe2 h6 12. Nb1 f5 13. Nbd2 f4 14. Rb1 b5 15. d4 exd4 16. cxd4 Nxd4 17. Nxd4 Bxd4 18. Nf3 Bc4 19. Qd1 Bxf1 20. Nxd4 Bxg2 21. Ne6 Qd7 22. Nxf8 Qh3 23. Nxg6 Bxe4 24. Nxe7+ Kf7 25. f3 Bxb1 26. Bxf4 Qe6 27. Qxb1 Kxe7 28. Qh7+ Kf8 29. Bxh6+ Ke8 30. Qh8+ Kd7 31. Qxa8 Qxh6 32. Qb7+ Ke6 33. Qe4+ Kd7 34. f4 c4 35. g4 Qh4 36. g5 Qg4+ 37. Kf2 Qh4+ 38. Kg2 Qg4+ 39. Kf2 Qh3 40. Qb7+ Kd8 41. Qb8+ Ke7 42. Qc7+ Ke8 43. Qc6+ Ke7 44. Qb7+ Kd8 45. Qa8+ Kd7 46. Qa7+ Kd8 47. Qb6+ Kd7 48. Qb7+ Kd8 1/2-1/2


[Site "https://www.chess.com"]

[Event "Titled Tuesday Blitz July 25 Late 2023"]
[White "Sargsyan, Shant"]
[Black "Panesar Vedant"]
[WhiteFideId "13306766"]
[BlackFideId "35033018"]
[WhiteElo "2984"]
[BlackElo "2710"]
[Result "1-0"]
[Round "7"]
[TimeControl "180+2"]
[Date "2023.07.25"]
[WhiteClock "0:02:19"]
[BlackClock "0:01:50"]
[Board "19"]

1. c4 Nf6 2. g3 e6 3. Bg2 d5 4. b3 d4 5. Nf3 Nc6 6. O-O Bc5 7. d3 O-O 8. Bg5 h6 9. Bxf6 Qxf6 10. Nbd2 Qd8 11. a3 a5 12. Qc2 e5 13. Qb2 Bg4 14. Ne4 Be7 15. h3 Be6 16. Ned2 Qd7 17. Kh2 f5 18. Ne1 Bf6 19. Nc2 e4 20. b4 Ne5 21. Ne1 e3 22. Ndf3 f4 23. g4 Nxf3+ 24. Nxf3 Bh4 25. Nxh4 1-0


[Site "https://www.chess.com"]

[Event "Titled Tuesday Blitz July 25 Late 2023"]
[White "Pinero Rodriguez, Carlos Jose"]
[Black "Matlakov, Maxim"]
[WhiteFideId "3901726"]
[BlackFideId "4168003"]
[WhiteElo "2641"]
[BlackElo "2972"]
[Result "0-1"]
[Round "7"]
[TimeControl "180+2"]
[Date "2023.07.25"]
[WhiteClock "0:00:34"]
[BlackClock "0:01:18"]
[Board "20"]

1. b3 d5 2. Bb2 Bf5 3. Nf3 e6 4. e3 Nf6 5. d4 h6 6. Bd3 Bxd3 7. Qxd3 c6 8. Nbd2 Nbd7 9. a3 Bd6 10. O-O O-O 11. Ne5 Qc7 12. f4 c5 13. Rac1 Rac8 14. c3 Qb6 15. b4 cxd4 16. cxd4 Rfd8 17. Rc2 Rxc2 18. Qxc2 Qb5 19. Qd3 a6 20. Qxb5 axb5 21. Rc1 Nb6 22. g3 Nc4 23. Ndxc4 bxc4 24. Nf3 Ne4 25. Rc2 Ra8 26. Nd2 Nxd2 27. Rxd2 c3 28. Bxc3 Rxa3 29. Rc2 Rb3 30. Kf2 h5 31. Kf3 Kh7 32. h3 b5 33. Bd2 Kg6 34. g4 Bxb4 35. Bxb4 Rxb4 36. Rc7 h4 37. Rb7 Rb1 38. Rb6 b4 39. f5+ Kf6 40. fxe6 fxe6 41. e4 Rb3+ 42. Kf4 g5# 0-1


[Site "https://www.chess.com"]

[Event "Titled Tuesday Blitz July 25 Late 2023"]
[White "Lenderman, Aleksandr"]
[Black "Leitao, Rafael"]
[WhiteFideId "2021285"]
[BlackFideId "2101246"]
[WhiteElo "2882"]
[BlackElo "2802"]
[Result "1-0"]
[Round "7"]
[TimeControl "180+2"]
[Date "2023.07.25"]
[WhiteClock "0:01:25"]
[BlackClock "0:00:03"]
[Board "21"]

1. d4 Nf6 2. g3 g6 3. Bg2 Bg7 4. e4 d6 5. Nc3 O-O 6. Nge2 e5 7. O-O c6 8. h3 Nbd7 9. a4 a5 10. Be3 Qc7 11. f4 exd4 12. Nxd4 Re8 13. Bf2 Nc5 14. Re1 Bd7 15. Qd2 Rad8 16. Rad1 Bc8 17. Nb3 Nxb3 18. cxb3 d5 19. exd5 Rxe1+ 20. Rxe1 cxd5 21. Nb5 Qd7 22. Qxa5 Ne4 23. Bb6 Rf8 24. Nc7 Nxg3 25. Nxd5 Nf5 26. Bf2 h5 27. Nb6 Qc7 28. Qc5 Qb8 29. Nxc8 Rxc8 30. Qb5 Qxf4 31. Qxb7 Rc2 32. Qf3 Qb4 33. Re4 Qd2 34. Bf1 Bd4 35. Re2 Bxf2+ 36. Qxf2 Qg5+ 37. Qg2 Qxg2+ 38. Rxg2 Rc1 39. Rf2 Ne3 40. Rf3 Nd5 41. a5 Nb4 42. Kg2 Ra1 43. Bc4 Rxa5 44. Rxf7 Kh8 45. Kf3 Ra2 46. Kf4 Rxb2 47. Kg5 Nc6 48. Kh6 1-0


[Site "https://www.chess.com"]

[Event "Titled Tuesday Blitz July 25 Late 2023"]
[White "Dardha, Daniel"]
[Black "Voege, Tobias"]
[WhiteFideId "240990"]
[BlackFideId "1270513"]
[WhiteElo "2877"]
[BlackElo "2641"]
[Result "1-0"]
[Round "7"]
[TimeControl "180+2"]
[Date "2023.07.25"]
[WhiteClock "0:02:09"]
[BlackClock "0:01:33"]
[Board "22"]

1. d4 d5 2. Bf4 Nc6 3. e4 dxe4 4. d5 Nb8 5. Nc3 Nf6 6. f3 e3 7. Qd3 e6 8. O-O-O Be7 9. dxe6 Qxd3 10. exf7+ Kxf7 11. Bxd3 c6 12. Bxe3 Be6 13. Nge2 Nbd7 14. Nf4 Ne5 15. Nxe6 Kxe6 16. Be2 b5 17. h3 a5 18. f4 Ned7 19. Rhe1 Rhd8 20. Bf3 Kf7 21. Bxc6 Rac8 22. Bxb5 Bb4 23. Bd4 Nc5 24. a3 Bxc3 25. Bxc3 Nfe4 26. Rxd8 Rxd8 27. Bxa5 Rb8 28. Bc4+ Kf6 29. b4 1-0


[Site "https://www.chess.com"]

[Event "Titled Tuesday Blitz July 25 Late 2023"]
[White "Tarhan, Adar"]
[Black "Rasulov, Vugar"]
[WhiteFideId "34544712"]
[BlackFideId "13402390"]
[WhiteElo "2590"]
[BlackElo "2873"]
[Result "0-1"]
[Round "7"]
[TimeControl "180+2"]
[Date "2023.07.25"]
[WhiteClock "0:00:09"]
[BlackClock "0:01:06"]
[Board "23"]

1. d4 Nf6 2. c4 e6 3. Nc3 Bb4 4. Nf3 O-O 5. e3 c5 6. Bd2 cxd4 7. exd4 d5 8. c5 b6 9. a3 Bxc3 10. Bxc3 Ne4 11. cxb6 Nxc3 12. bxc3 axb6 13. Bd3 Ba6 14. Ne5 Qc7 15. O-O Nc6 16. Nf3 h6 17. Re1 Na5 18. Ne5 Bxd3 19. Qxd3 Rfc8 20. Re3 Nc4 21. Nxc4 Qxc4 22. Qb1 Ra6 23. h4 b5 24. Ra2 b4 25. cxb4 Qxd4 26. Rc2 Rca8 27. b5 Rb6 28. Rec3 f5 29. g3 Ra5 30. Rc5 Rxa3 31. Rc1 Rxg3+ 32. Kf1 Rf3 33. R1c2 Rxf2+ 34. Rxf2 Qxc5 35. h5 Qxb5+ 36. Qxb5 Rxb5 0-1


[Site "https://www.chess.com"]

[Event "Titled Tuesday Blitz July 25 Late 2023"]
[White "Nguyen, Ngoc Truong Son"]
[Black "Musovic, Armin"]
[WhiteFideId "12401110"]
[BlackFideId "939935"]
[WhiteElo "2869"]
[BlackElo "2553"]
[Result "1-0"]
[Round "7"]
[TimeControl "180+2"]
[Date "2023.07.25"]
[WhiteClock "0:00:04"]
[BlackClock "0:00:00"]
[Board "24"]

1. d4 d5 2. c4 c5 3. cxd5 Nf6 4. Nc3 Nxd5 5. e4 Nxc3 6. bxc3 cxd4 7. cxd4 e5 8. dxe5 Bb4+ 9. Bd2 Qd4 10. Nf3 Bxd2+ 11. Nxd2 O-O 12. Bc4 Bg4 13. Qc1 Rc8 14. O-O b5 15. h3 Bd7 16. Bxf7+ Kxf7 17. Nf3 Rxc1 18. Nxd4 Rxa1 19. Rxa1 Nc6 20. Nf3 h6 21. Rc1 Re8 22. Rc5 a6 23. g4 Rc8 24. Rd5 Ke7 25. Kg2 Nb4 26. Rd6 Rc6 27. Rd2 g5 28. Nd4 Rc4 29. Nf5+ Bxf5 30. exf5 Rf4 31. e6 Nc6 32. Rd7+ Ke8 33. Rh7 Ne5 34. Rxh6 Ke7 35. Rh7+ Kd6 36. Ra7 Kc5 37. Rxa6 Nd3 38. e7 Rxf2+ 39. Kg1 Rb2 40. e8=Q Rb1+ 41. Kg2 Nf4+ 42. Kf2 Rb2+ 43. Ke1 Nd3+ 44. Kd1 Nf2+ 45. Ke1 Nd3+ 46. Kf1 Rb1+ 47. Kg2 Rb2+ 48. Kg3 Nf4 49. Qe5+ 1-0


[Site "https://www.chess.com"]

[Event "Titled Tuesday Blitz July 25 Late 2023"]
[White "Svane, Rasmus"]
[Black "Weetik, Vjacheslav"]
[WhiteFideId "4657101"]
[BlackFideId "4153472"]
[WhiteElo "2953"]
[BlackElo "2674"]
[Result "1-0"]
[Round "7"]
[TimeControl "180+2"]
[Date "2023.07.25"]
[WhiteClock "0:00:15"]
[BlackClock "0:00:02"]
[Board "25"]

1. Nf3 Nf6 2. g3 g6 3. Bg2 Bg7 4. O-O O-O 5. d4 d5 6. c4 c6 7. Qb3 Qb6 8. Nc3 Rd8 9. Bd2 Bf5 10. Na4 Qxb3 11. axb3 Na6 12. Rfc1 Be4 13. e3 Nd7 14. Nc3 Bxf3 15. Bxf3 e6 16. Ra4 Nb6 17. Raa1 dxc4 18. Bxc6 bxc6 19. Rxa6 cxb3 20. Ne4 e5 21. dxe5 Bxe5 22. Bc3 Re8 23. Nf6+ Bxf6 24. Bxf6 Re6 25. Bd4 Nd5 26. Rxa7 Rxa7 27. Bxa7 f5 28. Bd4 Kf7 29. Kf1 Ke8 30. Ke2 Kd7 31. Kd3 Re8 32. Ra1 Rb8 33. Ra7+ Kd6 34. f4 Rb5 35. Rxh7 c5 36. Be5+ Kc6 37. Rg7 Rb4 38. Rxg6+ Kb5 39. h4 Re4 40. h5 c4+ 41. Kd2 Nxe3 42. h6 Nf1+ 43. Kd1 Ne3+ 44. Ke2 Ng4+ 45. Kd2 Nxe5 46. fxe5 Rd4+ 47. Ke3 Rd3+ 48. Kf4 Rd8 49. Rg7 Rh8 50. h7 c3 51. Rb7+ Ka4 52. bxc3 Ka3 53. Kxf5 b2 54. Kg6 Rb8 55. Rxb8 1-0


[Site "https://www.chess.com"]

[Event "Titled Tuesday Blitz July 25 Late 2023"]
[White "Bjelobrk, Igor"]
[Black "Ibarra Jerez, Jose Carlos"]
[WhiteFideId "4300726"]
[BlackFideId "2226332"]
[WhiteElo "2663"]
[BlackElo "2895"]
[Result "1-0"]
[Round "7"]
[TimeControl "180+2"]
[Date "2023.07.25"]
[WhiteClock "0:00:14"]
[BlackClock "0:00:21"]
[Board "26"]

1. d4 Nf6 2. c4 d6 3. Nc3 e5 4. Nf3 e4 5. Ng5 Qe7 6. g3 h6 7. Nh3 c6 8. Bg2 Bf5 9. d5 c5 10. b3 g6 11. Bb2 Bg7 12. Qd2 O-O 13. Nd1 g5 14. Ne3 Bg6 15. O-O Nbd7 16. f4 exf3 17. exf3 Rae8 18. Rae1 Qd8 19. Bc3 a6 20. a4 Qb6 21. Qb2 Ne5 22. Nf2 Re7 23. f4 Nd3 24. Nxd3 Bxd3 25. Bxf6 Bxf1 26. Bxg7 Rfe8 27. Bxh6 f6 28. Bxf1 Rxe3 29. Rxe3 Rxe3 30. Qxf6 Qc7 31. fxg5 Qe7 32. Qf2 Rxb3 33. g6 Qe8 34. Qf6 Qe3+ 35. Bxe3 1-0


[Site "https://www.chess.com"]

[Event "Titled Tuesday Blitz July 25 Late 2023"]
[White "Rodrigue-Lemieux, Shawn"]
[Black "Danielyan, Vahe"]
[WhiteFideId "2620049"]
[BlackFideId "13304828"]
[WhiteElo "2883"]
[BlackElo "2647"]
[Result "1-0"]
[Round "7"]
[TimeControl "180+2"]
[Date "2023.07.25"]
[WhiteClock "0:00:01"]
[BlackClock "0:00:00"]
[Board "27"]

1. h4 d6 2. h5 h6 3. a4 Nf6 4. a5 Nc6 5. a6 bxa6 6. e3 e5 7. Bxa6 Bxa6 8. Rxa6 Qd7 9. c3 d5 10. d4 Bd6 11. Nf3 e4 12. Nfd2 Ne7 13. c4 c6 14. Nc3 O-O 15. Qa4 Qg4 16. cxd5 Qxg2 17. Rf1 Nf5 18. Rxc6 Rfe8 19. Qa6 Rad8 20. Qe2 Nh4 21. Kd1 Nf3 22. Kc2 Nxd2 23. Bxd2 Bb4 24. Qc4 Bxc3 25. bxc3 Nxd5 26. Rc5 Nb6 27. Qa6 Rd6 28. Rf5 Rc8 29. Rb1 Rdc6 30. Qxa7 R8c7 31. Qb8+ Rc8 32. Qb7 R8c7 33. Qb8+ Rc8 34. Qf4 f6 35. d5 Rc4 36. Rxb6 Qf1 37. Rc6 Qd3+ 38. Kc1 Ra8 39. Kb2 Ra2+ 40. Kb3 Qc2+ 41. Kxc4 Qd3+ 42. Kc5 Ra5+ 43. Kb6 Qb5+ 44. Kc7 Ra7+ 45. Kd8 Qb8+ 46. Qxb8 1-0


[Site "https://www.chess.com"]

[Event "Titled Tuesday Blitz July 25 Late 2023"]
[White "Bartel, Mateusz"]
[Black "Tanaka, Taira Tyler"]
[WhiteFideId "1112635"]
[BlackFideId "7002351"]
[WhiteElo "2832"]
[BlackElo "2635"]
[Result "1-0"]
[Round "7"]
[TimeControl "180+2"]
[Date "2023.07.25"]
[WhiteClock "0:01:23"]
[BlackClock "0:00:32"]
[Board "28"]

1. e4 e5 2. f4 d5 3. exd5 exf4 4. d4 Nf6 5. c4 Bb4+ 6. Nc3 c6 7. Qe2+ Qe7 8. Qxe7+ Kxe7 9. dxc6 Nxc6 10. Nf3 Bg4 11. d5 Bxf3 12. gxf3 Nd4 13. Kf2 Nc2 14. Rb1 Bc5+ 15. Kg2 Ne3+ 16. Bxe3 Bxe3 17. b4 g5 18. c5 h5 19. d6+ Kd8 20. Bc4 Rh7 21. Nd5 Nxd5 22. Bxd5 Rb8 23. Be4 Rg7 24. Rhd1 g4 25. Rd5 h4 26. fxg4 Rxg4+ 27. Kf3 Rg1 28. Rxg1 Bxg1 29. Rg5 1-0


[Site "https://www.chess.com"]